 Dungeon Crawl Stone Soup version 0.15-a0-1403-g2cecdf4 (webtiles) character file.

4109 Econoterrorist the Grappler (level 10, -11/88 HPs)
             Began as a Troll Monk on June 10, 2014.
             Was an Elder of Okawaru.
             Mangled by a ten-headed hydra (13 damage)
             ... on Level 1 of the Lair of Beasts on June 11, 2014.
             The game lasted 00:40:15 (7652 turns).

Econoterrorist the Grappler (Troll Monk)            Turns: 7652, Time: 00:40:15

HP -11/88        AC  7     Str 21      XL: 10   Next:  6%
MP   0/4         EV 14     Int  6      God: Okawaru [****..]
Gold 348         SH 13     Dex 15      Spells:  0 memorised,  9 levels left

rFire  + . .     SeeInvis .       - Unarmed
rCold  . . .     Clarity  .     J - +0 robe
rNeg   . . .     rCorr    .     F - +0 shield
rPois  .         rRot     .     S - +0 hat
rElec  .         Spirit   +     h - +1 cloak
SustAb .         Warding  .     (gloves unavailable)
rMut   .         Stasis   .     (boots unavailable)
Gourm  +                        R - amulet of guardian spirit
MR     +....                    N - ring of protection from magic
                                e - ring of protection from fire

@: heroism, somewhat resistant to hostile enchantments, fairly stealthy
A: unfitting armour, claws 3, fast metabolism 3, gourmand, regeneration 2,
saprovore 2, shaggy fur 1, tough skin 2
a: Heroism, Renounce Religion


You were on level 1 of the Lair of Beasts.
You worshipped Okawaru.
Okawaru was greatly pleased with you.
You were very full.

You visited 3 branches of the dungeon, and saw 10 of its levels.
You also visited: Sewer.

You collected 348 gold pieces.

Inventory:

Armour
 h - a +1 cloak (worn)
 F - a +0 shield (worn)
 J - a +0 robe (worn)
 S - a +0 hat (worn)
Magical devices
 o - a wand of teleportation (5)
 r - a wand of slowing (7)
 v - a wand of flame (4)
 P - a wand of lightning (6)
 W - a wand of polymorph (1)
Comestibles
 b - 6 meat rations
 i - 7 bread rations
 q - a beef jerky
 w - a slice of pizza
 x - 8 fruits
Scrolls
 a - 2 scrolls of noise {unknown}
 c - 2 scrolls of teleportation
 f - 2 scrolls of remove curse
 m - a scroll of immolation {unknown}
 u - a scroll of enchant weapon II {unknown}
 y - 4 scrolls of enchant weapon I {unknown}
 z - 2 scrolls of fear {unknown}
 A - 2 scrolls of amnesia {unknown}
 B - a scroll of blinking {unknown}
 H - 2 scrolls of identify
 L - 3 scrolls of random uselessness {unknown}
Jewellery
 e - a ring of protection from fire (left claw)
 k - an uncursed ring of sustain abilities
 s - an uncursed ring of see invisible
 t - an uncursed ring of ice
 E - an uncursed ring of flight
 G - an uncursed ring of protection from fire
 N - a ring of protection from magic (right claw)
 R - an amulet of guardian spirit (around neck)
Potions
 d - a potion of decay {unknown}
 g - 2 potions of resistance
 j - 7 potions of agility
 l - 2 potions of heal wounds
 n - 14 potions of curing
 p - 3 potions of restore abilities {unknown}
 C - 3 potions of might
 D - a potion of brilliance {unknown}
 I - a potion of berserk rage {unknown}
 K - 2 potions of flight {unknown}
 M - a potion of poison {unknown}
 Q - a potion of confusion {unknown}
Books
 O - a book of Power

   Spells                             Type                      Level
   Fulminant Prism                    Conjuration/Hexes            4
   Iskenderun's Mystic Blast          Conjuration                  4
   Venom Bolt                         Conjuration/Poison           5
   Bolt of Magma                      Conjuration/Fire/Earth       5
   Iron Shot                          Conjuration/Earth            6
   Orb of Destruction                 Conjuration                  7


   Skills:
 - Level 2.4(7.4) Fighting
 - Level 2.4(7.4) Dodging
 - Level 1.1(6.1) Stealth
 + Level 8.6(13.6) Shields
 - Level 11.0(16.0) Unarmed Combat


You had 9 spell levels left.
You didn't know any spells.

Dungeon Overview and Level Annotations

Branches:
Dungeon (8/15)             Temple (1/1) D:5            Lair (1/8) D:8

Altars:
Ashenzari
Cheibriados
Dithmenos
Kikubaaqudgha
Okawaru
Qazlal
Sif Muna
Xom
Yredelemnul
The Shining One


Innate Abilities, Weirdness & Mutations

You are too large for most types of armour.
You have claws for hands.
Your metabolism is lightning-fast.
You like to eat raw meat.
You heal very quickly.
You can eat rotten meat.
You are covered in fur (AC +1).
You have very tough skin (AC +2).


Message History

The nine-headed hydra completely misses you.
The nine-headed hydra closely misses you.
The nine-headed hydra misses you. x3
You block the nine-headed hydra's attack.
The water moccasin misses you.
You claw one of the nine-headed hydra's heads off!
The eight-headed hydra grows two more!
You scratch the ten-headed hydra.
The ten-headed hydra is almost dead.
You block the water moccasin's attack. The ten-headed hydra bites you.
* * * LOW HITPOINT WARNING * * *
You block the ten-headed hydra's attack.
The ten-headed hydra bites you.
* * * LOW HITPOINT WARNING * * *
The ten-headed hydra bites you.
* * * LOW HITPOINT WARNING * * *
The ten-headed hydra closely misses you.
The ten-headed hydra bites you!
* * * LOW HITPOINT WARNING * * *
The ten-headed hydra bites you!
You die...

#....... ..... .##.......
.... ......... #+# ##...
#......####.####....
#.....##.......+...
#.....##......##...
##.....###.##.###...
.###.#..DS...##'#.+.##...
........@................
.........................
#.######.####P#######.##
### ### ###


You could see a ten-headed hydra (bleeding) and a water moccasin.

Vanquished Creatures
  Erolcha (D:8)
  2 hippogriffs (Lair:1)
  The ghost of Gekot the Magician, an average DEWz of Sif Muna (D:5)
  The ghost of Amnesiac the Sneak, an average KoEE (D:3)
  Edmund (D:5)
  A water moccasin (Lair:1)
  2 porcupines (Lair:1)
  3 orc warriors
  An ice beast (D:5)
  A phantom (D:5)
  2 centaurs
  An ogre (D:8)
  2 giant frogs (D:8)
  2 big kobolds
  4 killer bees
  A scorpion (D:8)
  A troll skeleton (D:8)
  11 crimson imps
  An orc priest (D:5)
  2 giant frog zombies
  Crazy Yiuf (D:2)
  4 hounds
  A goliath beetle (D:7)
  4 orc wizards
  Natasha (thrice) (D:3)
  7 worker ants
  A big kobold skeleton (D:5)
  12 adders
  7 green rats (Sewer)
  An inept feature mimic (D:6)
  3 shadow imps
  2 giant mites (D:5)
  4 giant geckos
  13 orcs
  7 ball pythons
  7 giant cockroaches
  14 hobgoblins
  7 jackals
  29 kobolds
  19 bats
  2 giant gecko zombies
  10 giant newts
  A giant spore (D:8)
  10 goblins
  2 quokkas
  29 rats
  6 ballistomycetes (D:8)
  A fungus (D:8)
248 creatures vanquished.

Notes
Turn   | Place    | Note
--------------------------------------------------------------
     0 | D:1      | Econoterrorist, the Troll Monk, began the quest for the Orb.
     0 | D:1      | Reached XP level 1. HP: 22/22 MP: 1/1
   202 | D:1      | Reached XP level 2. HP: 29/29 MP: 1/1
   479 | D:1      | Found a basalt altar of Yredelemnul.
   643 | D:2      | Reached skill level 5 in Unarmed Combat
   669 | D:2      | Reached XP level 3. HP: 36/36 MP: 2/2
   685 | D:2      | Found a shattered altar of Ashenzari.
  1107 | D:2      | Noticed Crazy Yiuf
  1122 | D:2      | Killed Crazy Yiuf
  1122 | D:2      | Reached XP level 4. HP: 31/44 MP: 0/2
  1347 | D:2      | Reached skill level 6 in Unarmed Combat
  1757 | D:3      | Found a shimmering altar of Xom.
  1845 | D:3      | Reached XP level 5. HP: 50/50 MP: 2/2
  2041 | D:3      | Found an ancient bone altar of Kikubaaqudgha.
  2071 | D:3      | Noticed Amnesiac's ghost (average KoEE)
  2071 | D:3      | Reached skill level 7 in Unarmed Combat
  2082 | D:3      | Killed Amnesiac's ghost
  2082 | D:3      | Reached XP level 6. HP: 20/59 MP: 3/3
  2089 | D:3      | Reached skill level 8 in Unarmed Combat
  2378 | D:3      | Noticed Natasha
  2384 | D:3      | Killed Natasha
  2503 | D:3      | Noticed Natasha
  2506 | D:3      | Killed Natasha
  2637 | D:3      | Noticed Natasha
  2645 | D:3      | Killed Natasha
  2900 | D:4      | Reached XP level 7. HP: 66/66 MP: 3/3
  3386 | D:5      | Entered Level 5 of the Dungeon
  3386 | D:5      | Found an ancient bone altar of Kikubaaqudgha.
  3483 | D:5      | Reached skill level 9 in Unarmed Combat
  3651 | D:5      | Found a glowing drain.
  3675 | Sewer    | Entered a sewer
  4172 | Sewer    | Reached skill level 10 in Unarmed Combat
  4172 | Sewer    | Reached XP level 8. HP: 70/74 MP: 3/3
  4404 | D:5      | Noticed Edmund
  4422 | D:5      | Killed Edmund
  4604 | D:5      | Found a glowing golden altar of the Shining One.
  4762 | D:5      | Noticed Gekot's ghost (average DEWz)
  4765 | D:5      | Found a staircase to the Ecumenical Temple.
  4797 | D:5      | Killed Gekot's ghost
  4797 | D:5      | Reached skill level 11 in Unarmed Combat
  4809 | D:5      | Reached skill level 1 in Shields
  4884 | Temple   | Entered the Ecumenical Temple
  4893 | Temple   | Became a worshipper of Warmaster Okawaru
  4893 | Temple   | Acquired Okawaru's first power
  5449 | D:6      | Found a stormy altar of Qazlal.
  5764 | D:7      | Reached XP level 9. HP: 28/80 MP: 4/4
  5929 | D:7      | Reached skill level 5 in Shields
  6576 | D:8      | Noticed Erolcha
  6591 | D:8      | Killed Erolcha
  6713 | D:8      | Found a staircase to the Lair.
  6910 | D:8      | Found a deep blue altar of Sif Muna.
  7343 | Lair:1   | Entered Level 1 of the Lair of Beasts
  7482 | Lair:1   | Reached XP level 10. HP: 84/88 MP: 1/4
  7639 | Lair:1   | Noticed a five-headed hydra
  7652 | Lair:1   | HP: 2/88 [ten-headed hydra (10)]
  7652 | Lair:1   | Mangled by a ten-headed hydra

Action                   |  1- 3 |  4- 6 |  7- 9 | 10-12 || total
-------------------------+-------+-------+-------+-------++-------
Melee: Unarmed           |    96 |   108 |   476 |    12 ||   692
Invok: Heroism           |       |       |     2 |     1 ||     3
Evoke: Wand              |       |     1 |     4 |     4 ||     9
  Use: Potion            |     2 |       |     3 |       ||     5
       Scroll            |       |       |     6 |       ||     6
 Stab: Sleeping          |       |       |     2 |       ||     2
